 Dungeon Crawl Stone Soup version 0.27.1-33-g824d729ab1 (webtiles) character file.

Game seed: 4726277770644578262

1 slothboss the Shield-Bearer (level 1, -1/22 HPs)
             Began as a Troll Fighter on Dec 12, 2021.
             Slain by a jackal (3 damage)
             ... on level 1 of the Dungeon.
             The game lasted 00:01:36 (35 turns).

slothboss the Shield-Bearer (Troll Fighter)           Turns: 35, Time: 00:01:41

Health: -1/22      AC:  4    Str: 23    XL:     1   Next: 16%
Magic:  0/0        EV:  7    Int:  4    God:
Gold:   0          SH:  8    Dex:  9    Spells: 0/0 levels left

rFire    . . .     SeeInvis .   a - +0 flail
rCold    . . .     Faith    .   c - +0 kite shield
rNeg     . . .     Spirit   .   b - +0 robe
rPois    .         Reflect  .   (helmet restricted)
rElec    .         Harm     .   (no cloak)
rCorr    .         Rampage  .   (gloves unavailable)
Will     .....                  (boots unavailable)
Stlth    +.........             (no amulet)
HPRegen  1.07/turn              (no ring)
MPRegen  0.07/turn              (no ring)

@: no status effects
A: large, unfitting armour, claws 3, regeneration 1, shaggy fur 1, tough skin 1
a: no special abilities


You were on level 1 of the Dungeon.
You visited 1 branch of the dungeon, and saw 1 of its levels.

Inventory:

Hand Weapons
 a - a +0 flail (weapon)
Armour
 b - a +0 robe (worn)
 c - a +0 kite shield (worn)
Potions
 d - a potion of might


   Skills:
 + Level 2.4 Fighting
 + Level 1.7 Maces & Flails
 + Level 2.4 Dodging
 + Level 2.4 Shields


You couldn't memorise any spells.
You didn't know any spells.
Your spell library was empty.

Dungeon Overview and Level Annotations

Branches:
Dungeon (1/15)

Altars:


Innate Abilities, Weirdness & Mutations

You are too large for most types of armour.
You have claws for hands.
Your natural rate of healing is unusually fast.
You are covered in fur. (AC +1)
You have tough skin. (AC +1)


Message History

The jackal barely misses you. The jackal bites you.
The jackal closely misses you. You block the kobold's attack.
The jackal bites you but does no damage. x2
You barely miss the jackal. You block the jackal's attack. x2
The jackal bites you. The kobold hits you but does no damage.
The jackal closely misses you.
A kobold comes into view. It is wielding a +0 whip.
The jackal barely misses you. x2; You block the kobold's attack.
You hit the jackal.
The jackal is moderately wounded.
The jackal bites you but does no damage.
The jackal bites you. The jackal completely misses you. The jackal bites you.
The jackal closely misses you.
The jackal bites you but does no damage.
The kobold hits you with a +0 whip. The jackal barely misses you.
You miss the jackal.
The jackal is moderately wounded.
You block the jackal's attack.
The jackal bites you but does no damage.
The jackal bites you. The kobold closely misses you.
The jackal closely misses you. You block the jackal's attack.
The kobold hits you but does no damage. The jackal bites you.
The jackal closely misses you. The jackal bites you.
* * * LOW HITPOINT WARNING * * *
You closely miss the jackal.
The jackal is moderately wounded.
The jackal bites you. x2
* * * LOW HITPOINT WARNING * * *
The jackal bites you.
* * * LOW HITPOINT WARNING * * *
You block the kobold's attack. You block the jackal's attack.
The jackal barely misses you. The jackal bites you.
* * * LOW HITPOINT WARNING * * *
You hit the jackal.
You kill the jackal!
The jackal bites you but does no damage.
You block the kobold's attack. The jackal bites you.
* * * LOW HITPOINT WARNING * * *
You block the jackal's attack. The jackal bites you.
You die...

.# ..#.# # ..#.#
#.########....#
#..............
#.#....hK.....##########
#......@hK....#.........
########h>...##.⌠.⌠.⌠.⌠.
..........###..........
#...........∩.≈≈≈≈≈≈≈≈≈
#.........###..........
#.........! ##$⌠.⌠.⌠.⌠.
+.(......##. #.........
#........# #.##########
....#..#.# ..


You could see 3 jackals and 2 kobolds.

Vanquished Creatures
  A hobgoblin (D:1)
  A jackal (D:1)
2 creatures vanquished.

Notes
Turn   | Place    | Note
-------+----------+-------------------------------------------
     0 | D:1      | slothboss the Troll Fighter began the quest for the Orb.
     0 | D:1      | Reached XP level 1. HP: 22/22 MP: 0/0
    35 | D:1      | Slain by a jackal

Illustrated notes

Levels and vault maps discovered:
D:1:      mainiacjoe_arrival_reflecting_pool, layout_basic

Action                   || total
-------------------------++-------
Melee: Flail             ||    15
Armor: Robe              ||    20
Dodge: Dodged            ||    32
Block: Kite shield       ||    29
